 Dungeon Crawl Stone Soup version 0.30-a0-778-g2ef04afb54 (webtiles) character file.

Game seed: 8805665510797537735

6 BRD the Thrower (level 1, -1/17 HPs)
             Began as a Gnoll Wanderer on Feb 16, 2023.
             Slain by a goblin
             ... wielding a +0 dagger
              (2 damage)
             ... on level 1 of the Dungeon.
             The game lasted 00:00:45 (221 turns).

BRD the Thrower (Gnoll Wanderer)                     Turns: 221, Time: 00:00:45

Health: -1/17      AC:  2    Str: 11    XL:     1   Next: 90%
Magic:  1/1        EV: 11    Int: 11    God:
Gold:   0          SH:  7    Dex: 11    Spells: 0/0 levels left

rFire   . . .      SeeInvis .    a - +0 dagger
rCold   . . .      Faith    .    d - +2 buckler
rNeg    . . .      Spirit   .    f - +0 robe
rPois   .          Reflect  .    (no helmet)
rElec   .          Harm     .    (no cloak)
rCorr   .          Rampage  .    (no gloves)
Will    .....                    (no boots)
Stlth   ++                       (no amulet)
HPRegen 0.22/turn                (no ring)
MPRegen 0.07/turn                (no ring)

@: no status effects
A: fangs 1, strong nose, distributed training
a: no special abilities


You were on level 1 of the Dungeon.
You visited 1 branch of the dungeon, and saw 1 of its levels.

Inventory:

Hand Weapons
 a - a +0 dagger (weapon)
Missiles
 c - 6 poisoned darts (quivered)
Armour
 d - a +2 buckler (worn)
 f - a +0 robe (worn)
Potions
 b - 2 potions of curing
 e - a potion of might
 g - a potion of heal wounds {unknown}


   Skills:
 + Level 2.4 Fighting
 + Level 0.2 Short Blades
 + Level 0.2 Long Blades
 + Level 0.2 Axes
 + Level 0.2 Maces & Flails
 + Level 0.2 Polearms
 + Level 0.2 Staves
 + Level 0.2 Ranged Weapons
 + Level 8.4 Throwing
 + Level 0.2 Armour
 + Level 0.2 Dodging
 + Level 2.2 Stealth
 + Level 6.4 Shields
 + Level 0.2 Unarmed Combat
 + Level 0.2 Spellcasting
 + Level 0.1 Conjurations
 + Level 0.1 Hexes
 + Level 0.1 Summonings
 + Level 0.1 Necromancy
 + Level 0.1 Translocations
 + Level 0.1 Transmutations
 + Level 0.1 Fire Magic
 + Level 0.1 Ice Magic
 + Level 0.1 Air Magic
 + Level 0.1 Earth Magic
 + Level 0.1 Poison Magic
 + Level 0.3 Invocations
 + Level 2.4 Evocations


You couldn't memorise any spells.
You didn't know any spells.
Your spell library was empty.

Dungeon Overview and Level Annotations

Branches:
Dungeon (1/15)

Altars:


Innate Abilities, Weirdness & Mutations

You have very sharp teeth.
Your uncanny sense of smell can sniff out nearby items.
Your experience applies equally to all skills.


Message History

Aim: a bat (moderately wounded, 48% to hit)
You throw a poisoned dart. The poisoned dart hits the bat.
The bat is poisoned.
The bat is moderately wounded.
The bat misses you. The goblin hits you with a +0 dagger.
Throw: 11 darts (poison)
Press: ? - help, Q - select action Shift-Dir - straight line, f/p - bat
Aim: a bat (severely wounded, poisoned, 48% to hit)
You throw a poisoned dart.
The poisoned dart closely misses the goblin.
The poisoned dart hits the bat!
The bat looks as sick as possible!
The bat is severely wounded.
You kill the bat!
The goblin barely misses you.
Throw: 10 darts (poison)
Press: ? - help, Q - select action Shift-Dir - straight line, f - goblin
Aim: a goblin, wielding a +0 dagger (heavily wounded, 55% to hit)
You throw a poisoned dart.
The poisoned dart barely misses the goblin.
Throw: 9 darts (poison)
Press: ? - help, Q - select action Shift-Dir - straight line, f/p - goblin
Aim: a goblin, wielding a +0 dagger (heavily wounded, 55% to hit)
You throw a poisoned dart. The poisoned dart hits the goblin.
The goblin is poisoned.
The goblin is heavily wounded.
The goblin hits you with a +0 dagger.
* * * LOW HITPOINT WARNING * * *
Throw: 8 darts (poison)
Press: ? - help, Q - select action Shift-Dir - straight line, f/p - goblin
Aim: a goblin, wielding a +0 dagger (heavily wounded, poisoned, 55% to hit)
You throw a poisoned dart.
The poisoned dart closely misses the goblin.
The goblin hits you with a +0 dagger.
* * * LOW HITPOINT WARNING * * *
Throw: 7 darts (poison)
Press: ? - help, Q - select action Shift-Dir - straight line, f/p - goblin
Aim: a goblin, wielding a +0 dagger (heavily wounded, poisoned, 55% to hit)
You throw a poisoned dart.
The poisoned dart barely misses the goblin.
The goblin hits you with a +0 dagger.
You die...

... ....
###....
.......
.......
.......
#####g..!...
#...@g(....(
#....####...
#....#
#....+
#....#
#?...# ###
#....# #.#
#....# #.#
#....#


You could see 2 goblins.

Vanquished Creatures
  2 endoplasms (D:1)
  A goblin (D:1)
  A hobgoblin (D:1)
  A bat (D:1)
5 creatures vanquished.

Notes
Turn   | Place    | Note
-------+----------+-------------------------------------------
     0 | D:1      | BRD the Gnoll Wanderer began the quest for the Orb.
     0 | D:1      | BRD set off with the following items: a +0 dagger, a potion
                  | of curing, 12 poisoned darts, a +2 buckler, a potion of
                  | might, a +0 robe.
     0 | D:1      | Reached XP level 1. HP: 17/17 MP: 1/1
   221 | D:1      | Slain by a goblin

Illustrated notes

Levels and vault maps discovered:
D:1:      elethiomel_arrival_quiet, layout_basic, serial_shops,
          nicolae_shop_waterfront, shop, shop

Action                     || total
---------------------------++-------
  Melee: Dagger            ||    18
         Bite              ||     2
  Throw: Dart              ||     6
 Armour: Robe              ||     3
  Dodge: Dodged            ||     8
  Block: Buckler           ||     5

Table legend: (Time is in decaauts)
 A = Elapsed time spent in this place.
 B = Non-inter-level travel time spent in this place.
 C = Inter-level travel time spent in this place.
 D = Time resting spent in this place.
 E = Time spent auto-exploring this place.
 F = Levels seen in this place.
 G = Mean time per level.
                   A        B        C        D        E       F      G
               +--------+--------+--------+--------+--------+-----+--------+
         Total |    220 |    220 |      0 |      0 |    180 |   1 |  220.0 |
       Dungeon |    220 |    220 |      0 |      0 |    180 |   1 |  220.0 |
               +--------+--------+--------+--------+--------+-----+--------+

Top non-repeatable levels by time:
     D:1: 220 daAuts
